 Dungeon Sprint DCSS version 0.30-a0-652-gcc886f7154 (webtiles) character file.

Game seed: 15090041579535582305

403 BigDaddyOpFi the Cleaver (level 6, -1/61 (63) HPs)
             Began as a Hill Orc Fighter on Jan 17, 2023.
             Was a Follower of Qazlal.
             Slain by a soul eater (19 damage)
             ... summoned by a kobold demonologist
             ... in the Dungeon (Sprint IX: "|||||||||||||||||||||||||||||").
             The game lasted 00:01:16 (469 turns).

BigDaddyOpFi the Cleaver (Hill Orc Fighter)          Turns: 469, Time: 00:01:16

HP:   -1/61 (63)    AC:  1    Str: 24    XL:     6   Next: 86%
MP:   7/9           EV:  9    Int:  8    God:    Qazlal [*.....]
Gold: 0             SH:  7    Dex: 10    Spells: 5/5 levels left

rFire   . . .      SeeInvis .    m - +1 broad axe (flame)
rCold   . . .      Faith    .    c - +0 buckler
rNeg    . . .      Spirit   .    p - +1 scale mail
rPois   .          Reflect  .    (no helmet)
rElec   .          Harm     .    (no cloak)
rCorr   .          Rampage  .    o - +0 pair of gloves
Will    .....      NoTele   +    n - +0 pair of boots Stlth
                                 (no amulet)
HPRegen 0.30/turn                q - +3 ring of strength
MPRegen 0.11/turn                r - +2 ring of protection

@: corroded, lightly drained
A: no striking features
a: Renounce Religion


You were in the Dungeon.
You worshipped Qazlal.
Qazlal was aware of your devotion.
You visited 1 branch

Inventory:

Hand Weapons
 a - a +0 war axe
 m - a +1 broad axe of flaming (weapon)
Armour
 b - a +0 scale mail
 c - a +0 buckler (worn)
 n - a +0 pair of boots (worn)
 o - a +0 pair of gloves (worn)
 p - a +1 scale mail (worn)
Jewellery
 q - a +3 ring of strength (left hand)
 r - a +2 ring of protection (right hand)
Wands
 l - a wand of roots (8) (quivered)
Scrolls
 j - 2 scrolls of blinking
 k - 2 scrolls of amnesia
Potions
 d - a potion of invisibility
 e - 5 potions of curing
 f - 2 potions of heal wounds
 g - a potion of haste
 h - 4 potions of magic
 i - a potion of berserk rage


   Skills:
 + Level 9.0 Fighting
 + Level 9.3 Axes
 + Level 8.2 Armour
 + Level 8.2 Shields
 + Level 5.0 Invocations


You had 5 spell levels left.
You didn't know any spells.
Your spell library was empty.

Dungeon Overview and Level Annotations

Branches:
Dungeon (1/1)

Altars:
Cheibriados
Dithmenos
Elyvilon
Fedhas
Gozag
Hepliaklqana
Kikubaaqudgha
Makhleb
Nemelex Xobeh
Okawaru
Qazlal
Ru
Sif Muna
Trog
Uskayaw
Vehumet
Wu Jian
Xom
Yredelemnul
Zin
The Shining One
Beogh
Jiyva
Lugonu


Message History

You closely miss the soul eater. The soul eater hits you!
You feel drained.
Aiming: Fastroot
Press: ? - help, Q - select action Shift-Dir - straight line, f - quasit
Aim: a quasit (summoned)
The roots erupt in riotous growth!
Roots grab the soul eater.
Roots grab the quasit.
The grasping roots constrict the quasit.
The grasping roots constrict the soul eater.
You block the soul eater's attack.
You hit the soul eater but do no damage.
The soul eater is lightly wounded.
The grasping roots constrict the quasit!
The grasping roots constrict the soul eater, but do no damage.
The roots release their grip on the soul eater.
The roots release their grip on the quasit.
The soul eater hits you!
* * * LOW HITPOINT WARNING * * *
You hit the soul eater. You burn the soul eater.
The soul eater is moderately wounded.
The soul eater barely misses you.
You slash the soul eater! You burn the soul eater.
The soul eater is heavily wounded.
The soul eater hits you.
* * * LOW HITPOINT WARNING * * *
The soul eater hits you.
* * * LOW HITPOINT WARNING * * *
You feel much better.
The soul eater draws from the surrounding life force!
The soul eater is healed.
You slash the soul eater! You burn the soul eater.
The soul eater is heavily wounded.
The kobold demonologist begins to cast a cantrip, but forgets the words!
The soul eater hits you.
* * * LOW HITPOINT WARNING * * *
Unknown command.
You hit the soul eater but do no damage.
The soul eater is heavily wounded.
The soul eater hits you!!
You die...

▓.▓
▓.▓
▓c▓
▓Y▓
▓K▓
▓5▓
▓3▓
▓@▓
▓.▓
▓.▓
▓.▓
▓.▓
▓.▓
▓)▓
▓.▓
▓.▓


You could see a soul eater (summoned), a kobold demonologist, a yak, a centaur
and a quasit (summoned).

Vanquished Creatures
  A vampire mosquito (D)
  A phantom (D)
  A kobold brigand (D)
  A necrophage (D)
  A gnoll bouda (D)
  An iguana (D)
  A gnoll (D)
  An adder (D)
  2 endoplasms (D)
  A bat (D)
  2 rats (D)
13 creatures vanquished.

Notes
Turn   | Place    | Note
-------+----------+-------------------------------------------
     0 | D        | BigDaddyOpFi the Hill Orc Fighter began the quest for the
                  | Orb.
     0 | D        | Reached XP level 1. HP: 19/19 MP: 1/1
    18 | D        | Noticed an iguana
    18 | D        | Noticed a necrophage
    18 | D        | Noticed a phantom
    29 | D        | Killed a phantom
    30 | D        | Reached skill level 5 in Axes
    30 | D        | Reached skill level 5 in Armour
    30 | D        | Reached skill level 5 in Shields
    30 | D        | Reached XP level 2. HP: 11/30 MP: 2/2
    30 | D        | Reached XP level 3. HP: 13/37 MP: 3/3
    30 | D        | Reached XP level 4. HP: 16/44 MP: 4/4
    33 | D        | Killed a necrophage
    34 | D        | Reached XP level 5. HP: 15/51 MP: 5/5
   369 | D        | Found a roughly hewn altar of Beogh.
   369 | D        | Found a snail-covered altar of Cheibriados.
   369 | D        | Found a shadowy altar of Dithmenos.
   369 | D        | Found a white marble altar of Elyvilon.
   369 | D        | Found a blossoming altar of Fedhas.
   369 | D        | Found an opulent altar of Gozag.
   370 | D        | Found a hazy altar of Hepliaklqana.
   371 | D        | Found a viscous altar of Jiyva.
   372 | D        | Found an ancient bone altar of Kikubaaqudgha.
   373 | D        | Found a corrupted altar of Lugonu.
   374 | D        | Found a burning altar of Makhleb.
   375 | D        | Found a sparkling altar of Nemelex Xobeh.
   376 | D        | Found an iron altar of Okawaru.
   377 | D        | Found a stormy altar of Qazlal.
   378 | D        | Found a sacrificial altar of Ru.
   379 | D        | Found a shimmering blue altar of Sif Muna.
   380 | D        | Found a bloodstained altar of Trog.
   381 | D        | Found a hide-covered altar of Uskayaw.
   382 | D        | Found a radiant altar of Vehumet.
   383 | D        | Found an ornate altar of the Wu Jian Council.
   384 | D        | Found a shimmering altar of Xom.
   385 | D        | Found a basalt altar of Yredelemnul.
   387 | D        | Became a worshipper of Qazlal Stormbringer
   389 | D        | Found a glowing silver altar of Zin.
   390 | D        | Found a glowing golden altar of the Shining One.
   441 | D        | Noticed a centaur
   441 | D        | Noticed a yak
   441 | D        | Noticed a kobold demonologist
   441 | D        | Noticed a vampire mosquito
   441 | D        | Noticed a kobold brigand
   447 | D        | Killed a kobold brigand
   448 | D        | Reached XP level 6. HP: 61/61 MP: 5/7
   449 | D        | Noticed a rust devil
   452 | D        | Killed a vampire mosquito
   452 | D        | Reached * piety under Qazlal
   453 | D        | Reached skill level 5 in Invocations
   453 | D        | Noticed a soul eater
   469 | D        | Slain by a soul eater

Illustrated notes

Levels and vault maps discovered:
D:        linesprint [early_d, line_temple, items_1, d_10, items_2, lair_1,
          lair_end, items_3, orc_1, orc_end, items_4, d_15, swamp_1, shoals_1,
          snake_1, spider_1, d_20, vaults_1, items_5, swamp_end, shoals_end,
          snake_end, spider_end, vaults_end, d_27, items_6, zot_1, zot_end,
          crypt_end, forest_end, elf_end, slime_end, tomb_end, abyss_end,
          pan_hell_end]

Skill      XL: |  1  2  3  4  5  6 |
---------------+-------------------+-----
Axes           | 5 7 8 9 |  9.3
Fighting       | 6 8 9 |  9.0
Armour         | 5 6 7 8 |  8.2
Shields        | 5 6 7 8 |  8.2
Invocations    | 2 5 |  5.0

Action                   |  1- 3 |  4- 6 || total
-------------------------+-------+-------++-------
Melee: War axe           |    18 |    16 ||    34
       Broad axe         |       |    23 ||    23
Evoke: Wand              |       |     2 ||     2
  Use: Potion            |     1 |     1 ||     2
Armor: Scale mail        |     5 |     9 ||    14
Dodge: Dodged            |     6 |    11 ||    17
Block: Buckler           |     5 |    13 ||    18

Table legend: (Time is in decaauts)
 A = Elapsed time spent in this place.
 B = Non-inter-level travel time spent in this place.
 C = Inter-level travel time spent in this place.
 D = Time resting spent in this place.
 E = Time spent auto-exploring this place.
 F = Levels seen in this place.
 G = Mean time per level.
                   A        B        C        D        E       F      G
               +--------+--------+--------+--------+--------+-----+--------+
         Total |    481 |    481 |      0 |    318 |      0 |   1 |  481.0 |
       Dungeon |    481 |    481 |      0 |    318 |      0 |   1 |  481.0 |
               +--------+--------+--------+--------+--------+-----+--------+

Top non-repeatable levels by time:
       D: 481 daAuts
